 Dungeon Crawl Stone Soup version 0.28.0-53-g5a82cb258f (webtiles) character file.

Game seed: 10787952042966314996

91 Raiden350 the Unweaver (level 4, -5/35 HPs)
             Began as a Demonspawn Abyssal Knight on July 17, 2022.
             Was a Follower of Lugonu.
             Slain by a gnoll
             ... wielding a +0 flail
              (6 damage)
             ... on level 2 of the Dungeon.
             The game lasted 00:07:02 (2770 turns).

Raiden350 the Unweaver (Demonspawn Abyssal Knight)  Turns: 2770, Time: 00:07:03

Health: -5/35      AC: 10    Str: 15    XL:     4   Next: 33%
Magic:  6/6        EV:  6    Int: 12    God:    Lugonu [*.....]
Gold:   72         SH:  3    Dex: 13    Spells: 3/3 levels left

rFire   + . .      SeeInvis .   a - +1 falchion
rCold   . . .      Faith    .   h - +0 buckler
rNeg    . . .      Spirit   .   e - +0 chain mail {rF+}
rPois   .          Reflect  .   (helmet restricted)
rElec   .          Harm     .   (no cloak)
rCorr   .          Rampage  .   (no gloves)
Will    .....                   (no boots)
Stlth   ..........              (no amulet)
HPRegen 0.11/turn               (no ring)
MPRegen 0.10/turn               (no ring)

@: no status effects
A: horns 1, icy blue scales 1
a: Renounce Religion, Depart the Abyss


You were on level 2 of the Dungeon.
You worshipped Lugonu.
Lugonu was aware of your devotion.
You visited 1 branch of the dungeon, and saw 3 of its levels.
You visited the Abyss 1 time.

You collected 72 gold pieces.

Inventory:

Hand Weapons
 a - a +1 falchion (weapon)
 c - a +0 long sword
 g - a +0 dagger of venom
Armour
 b - a +0 leather armour
 e - a +0 chain mail of fire resistance (worn)
 h - a +0 buckler (worn)
Scrolls
 d - 2 scrolls of identify
 f - a scroll of enchant weapon


   Skills:
 + Level 3.5 Fighting
 + Level 2.4 Long Blades
 + Level 2.5 Armour
 - Level 1.0 Dodging
 + Level 0.4 Shields
 + Level 3.6 Invocations


You had 3 spell levels left.
You didn't know any spells.
Your spell library contained the following spells:

 Spells                   Type           Power      Damage    Failure   Level
 Summon Small Mammal      Summ           0%         N/A       100%        1
 Call Canine Familiar     Summ           0%         N/A       100%        3
 Summon Guardian Golem    Hex/Summ       0%         N/A       100%        3


Dungeon Overview and Level Annotations

Branches:
Dungeon (3/15)

Altars:


Innate Abilities, Weirdness & Mutations

You have a pair of small horns on your head.
You are partially covered in icy blue scales. (AC +2)


Message History

You hit the gnoll. You headbutt the gnoll.
The gnoll is almost dead.
The gnoll closely misses you.
You closely miss the gnoll.
The gnoll is almost dead.
You hit the gnoll.
You kill the gnoll!
Lugonu accepts your kill.
You barely miss the gnoll. The gnoll completely misses you.
The gnoll hits you with a +0 flail. The gnoll hits you with a +0 club!
You hit the gnoll.
The gnoll is lightly wounded.
You block the gnoll's attack. The gnoll hits you with a +0 club.
The gnoll barely misses you. x2
You climb upwards.
There is a stone staircase leading down here.
You slash the gnoll!
The gnoll is severely wounded.
The gnoll hits you with a +0 flail. The gnoll closely misses you.
You barely miss the gnoll.
The gnoll is severely wounded.
The gnoll hits you with a +0 flail.
* * * LOW HITPOINT WARNING * * *
The gnoll hits you with a +0 club!
* * * LOW HITPOINT WARNING * * *
You aren't carrying any potions.
Okay, then.
You hit the gnoll.
The gnoll is almost dead.
The gnoll hits you but does no damage. x4
You closely miss the gnoll.
The gnoll is almost dead.
The gnoll hits you with a +0 flail.
* * * LOW HITPOINT WARNING * * *
The gnoll hits you with a +0 club.
* * * LOW HITPOINT WARNING * * *
You closely miss the gnoll. You headbutt the gnoll.
The gnoll is almost dead.
The gnoll hits you with a +0 flail.
You die...

########.#.......#####.#
#.##.#.##.......#
#.##.#.##########
#......# ####.### #.#
#.# #######.##
#..g@g...# #####
#.#####..###...# #.#
#..........# #.#
#.#..###...# #.#
#....####.######
#.###.....# #......#
########........##
######.#
#............#.## #.#
#.############.# #.#


You could see 2 gnolls.

Vanquished Creatures
  A gnoll (D:3)
  2 adders (D:2)
  3 dart slugs
  4 ball pythons
  2 bats (D:1)
  6 endoplasms
  2 giant cockroaches
  3 goblins (D:1)
  5 hobgoblins
  3 jackals (D:1)
  6 kobolds
  5 quokkas
  2 frilled lizards
  6 rats
50 creatures vanquished.

Notes
Turn   | Place    | Note
-------+----------+-------------------------------------------
     0 | Abyss:1  | Raiden350 the Demonspawn Abyssal Knight began the quest for
                  | the Orb.
     0 | Abyss:1  | Reached XP level 1. HP: 18/18 MP: 2/2
     5 | Abyss:1  | Found a corrupted altar of Lugonu.
    26 | Abyss:1  | Noticed a large abomination
    54 | Abyss:1  | Noticed a large abomination
    79 | Abyss:1  | Noticed a ynoxinul
    83 | D:1      | Escaped the Abyss
   128 | D:1      | Reached * piety under Lugonu
   129 | D:1      | Reached skill level 1 in Dodging
   341 | D:1      | Gained mutation: You have a pair of small horns on your
                  | head. [demonic ancestry]
   341 | D:1      | Reached XP level 2. HP: 22/24 MP: 4/4
  1146 | D:1      | Gained mutation: You are partially covered in icy blue
                  | scales. (AC +2) [demonic ancestry]
  1146 | D:1      | Reached XP level 3. HP: 26/29 MP: 5/5
  2320 | D:2      | Found a faded altar of an unknown god.
  2332 | D:2      | Reached XP level 4. HP: 29/35 MP: 6/6
  2769 | D:2      | HP: 1/35 [gnoll/+0 club (1)]
  2770 | D:2      | Slain by a gnoll

Illustrated notes

Levels and vault maps discovered:
D:1:      dpeg_arrival_shrine, layout_basic
D:2:      layout_loops_corners, chequers_ecumenical_altar_simple, st_stairs_9
D:3:      layout_basic

Skill      XL: |  1  2 |
---------------+-------+-----
Dodging        | 1 |  1.0
Long Blades    | 2 |  2.4
Armour         | 2 |  2.5
Invocations    | 3 |  3.6
Fighting       | |  3.5
Shields        | |  0.4

Action                   |  1- 3 |  4- 6 || total
-------------------------+-------+-------++-------
Melee: Falchion          |   113 |    18 ||   131
       Headbutt          |    12 |     4 ||    16
Invok: Depart the Abyss  |     1 |       ||     1
  Use: Scroll            |       |     1 ||     1
       Potion            |       |     1 ||     1
 Stab: Sleeping          |     1 |       ||     1
Armor: Leather armour    |    19 |       ||    19
       Chain mail        |    33 |     8 ||    41
Dodge: Dodged            |    39 |     8 ||    47
Block: Buckler           |     2 |     1 ||     3
